 Dungeon Crawl Stone Soup version 0.30.1-9-gdf580d7c3d (webtiles) character file.

Game seed: 15555665786793122636

26 bearlyready the Chopper (level 3, 0/30 HPs)
             Began as a Hill Orc Reaver on Oct 11, 2023.
             Succumbed to an adder's poison
             ... on level 2 of the Dungeon.
             The game lasted 00:01:44 (997 turns).

bearlyready the Chopper (Hill Orc Reaver)            Turns: 997, Time: 00:01:45

Health: 0/30       AC:  6    Str: 16    XL:     3   Next: 8%
Magic:  5/5        EV: 10    Int: 13    God:
Gold:   77         SH:  0    Dex:  9    Spells: 4/5 levels left

rFire   . . .        d - +0 whip (elec)
rCold   . . .        (no shield)
rNeg    . . .        f - +0 ring mail
rPois   .            e - +0 helmet
rElec   .            (no cloak)
rCorr   .            (no gloves)
SInv    .            (no boots)
Will    .....        (no amulet) Stlth
                     (no ring)
HPRegen 0.25/turn    (no ring)
MPRegen 0.09/turn

%: no passive effects
@: lethally poisoned (0 -> -2)
A: no striking features
a: no special abilities


You were on level 2 of the Dungeon.
You visited 1 branch of the dungeon, and saw 2 of its levels.

You collected 77 gold pieces.

Inventory:

Hand Weapons
 a - a +0 hand axe
 d - a +0 whip of electrocution (weapon)
Missiles
 g - 3 boomerangs
 j - 2 poisoned darts
Armour
 b - a +0 leather armour
 e - a +0 helmet (worn)
 f - a +0 ring mail (worn)
Scrolls
 c - 4 scrolls of identify {unknown}


   Skills:
 - Level 2.4 Fighting
 + Level 5.5 Axes
 - Level 1.5 Dodging
 - Level 1.5 Spellcasting
 - Level 3.0 Conjurations


You had 4 spell levels left.
You knew the following spells:

 Your Spells              Type           Power      Damage    Failure   Level
a - Kiss of Death         Conj/Necr      16%        2d6       28%         1

Your spell library contained the following spells:

 Spells                   Type           Power      Damage    Failure   Level
 Momentum Strike          Conj/Tloc      8%         3d8       38%         2
 Hailstorm                Conj/Ice       4%         3d4       63%         3
 Gell's Gravitas          Tloc           1%         N/A       83%         3
 Teleport Other           Tloc           1%         N/A       83%         3
 Ice Form                 Ice/Tmut       1%         N/A       99%         4
 Dispersal                Tloc           0%         N/A       100%        6
 Simulacrum               Ice/Necr       0%         N/A       100%        6


Dungeon Overview and Level Annotations

Branches:
Dungeon (2/15)

Altars:

Shops:
D:1 *


Message History

The adder is heavily wounded.
You feel sick. The adder bites you.
* * * LOW HITPOINT WARNING * * *
You are lethally poisoned!
The adder poisons you! The adder barely misses you.
You barely miss the adder.
The adder is heavily wounded.
* * * LOW HITPOINT WARNING * * *
You feel sick. The adder bites you but does no damage.
You miss the adder.
The adder is heavily wounded.
* * * LOW HITPOINT WARNING * * *
You feel sick. The adder barely misses you.
You closely miss the adder.
The adder is heavily wounded.
* * * LOW HITPOINT WARNING * * *
You feel sick. The adder misses you.
You hit the adder.
The adder is almost dead.
* * * LOW HITPOINT WARNING * * *
You feel sick. The adder barely misses you. x2
You aren't carrying any potions.
You aren't carrying any potions.
As you read the scroll labelled JAOLUM IMAOJIL, it crumbles to dust.
You hear the flapping of tiny wings.
The rat is knocked back by the sudden gust.
The goblin is knocked back by the sudden gust.
The bat is knocked back by the sudden gust.
The adder is knocked back by the sudden gust.
It was a scroll of butterflies.
* * * LOW HITPOINT WARNING * * *
You feel sick.
You aren't carrying any potions.
Unknown command.
Blink to where?
Press: ? - help, Dir - move target
Found a stone staircase leading down.
As you read the scroll labelled KUNOOBLAUSCH, it crumbles to dust.
It was a scroll of blinking.
You die...

#### ##.. ####+####..##
#.......b...#
#.........bb# .
#...........# ########
#.......bbbb####bb.....
#...>.@.rSbbb§bbb......
#........b.b####b......
#........g..# #.......
#...........# #.......
#.......b..b# #.......
#...........# #.......
#........$..# #.......
############# #.......
#.......


You could see an adder (ally target), a goblin (ally target), a bat (ally
target) and a rat (ally target).

Vanquished Creatures
  A dart slug (D:2)
  2 endoplasms (D:2)
  3 giant cockroaches
  3 hobgoblins
  2 ball pythons
  4 bats
  A frilled lizard (D:1)
  3 goblins
  2 kobolds (D:1)
  3 rats
  A butterfly (D:1)
25 creatures vanquished.

Notes
Turn   | Place    | Note
-------+----------+-------------------------------------------
     0 | D:1      | bearlyready the Hill Orc Reaver began the quest for the
                  | Orb.
     0 | D:1      | Reached XP level 1. HP: 18/18 MP: 3/3
   262 | D:1      | Reached XP level 2. HP: 22/25 MP: 4/4
   446 | D:1      | Found Plog's Assorted Antiques.
   541 | D:1      | Reached skill level 5 in Axes
   906 | D:2      | Reached XP level 3. HP: 29/30 MP: 5/5
   996 | D:2      | HP: 1/30 [poisoned by an adder]
   997 | D:2      | Succumbed to an adder's poison

Illustrated notes

Levels and vault maps discovered:
D:1:      spicycebolla_arrival_clurvy, layout_loops_ring, serial_shops,
          nicolae_shop_tiny_statue_garden
D:2:      layout_basic, hellmonk_ecumenical_altar_slurped_away

Skill      XL: |  1  2 |
---------------+-------+-----
Axes           | 5 |  5.5
Fighting       | |  2.4
Dodging        | |  1.5
Spellcasting   | |  1.5
Conjurations   | |  3.0

Action                     || total
---------------------------++-------
  Melee: Whip              ||    73
         Hand axe          ||     3
         Punch             ||     1
    Use: Scroll            ||     2
 Armour: Leather armour    ||    13
         Ring mail         ||     8
  Dodge: Dodged            ||    47
